 Dungeon Crawl Stone Soup version 0.23-a0-32-g1388f29 (webtiles) character file.

0 glosham the Skirmisher (level 1, -12/19 HPs)
             Began as a Hill Orc Abyssal Knight on Aug 4, 2018.
             Was a Follower of Lugonu.
             Mangled by a large abomination (23 damage)
             ... on level 1 of the Abyss.
             The game lasted 00:01:54 (95 turns).

glosham the Skirmisher (Hill Orc Abyssal Knight)      Turns: 95, Time: 00:01:55

Health: -12/19     AC:  3    Str: 14    XL:     1   Next: 0%
Magic:  2/2        EV: 11    Int: 12    God:    Lugonu [*.....]
Gold:   0          SH:  0    Dex: 10    Spells: 0/0 levels left

rFire    . . .     SeeInvis .   a - +1 hand axe
rCold    . . .     Gourm    .   (no shield)
rNeg     . . .     Faith    .   b - +0 leather armour
rPois    .         Spirit   .   (no helmet)
rElec    .         Reflect  .   (no cloak)
rCorr    .         Harm     .   (no gloves)
MR       .....                  (no boots)
Stlth    ..........             (no amulet)
HPRegen  0.00/turn              (no ring)
MPRegen  0.08/turn              (no ring)

@: confused, non-regenerating, diseased
A: no striking features
a: Depart the Abyss, Renounce Religion


You were on level 1 of the Abyss.
You worshipped Lugonu.
Lugonu was aware of your devotion.
You were not hungry.

You visited 0 branches of the dungeon, and saw 0 of its levels.
You visited the Abyss 1 time.

Inventory:

Hand Weapons
 a - a +1 hand axe (weapon)
Armour
 b - a +0 leather armour (worn)
Comestibles
 c - a ration


   Skills:
 * Level 3.6 Fighting
 - Level 2.6 Axes
 - Level 2.1 Armour
 - Level 0.7 Dodging
 - Level 2.4 Invocations


You couldn't memorise any spells.
You didn't know any spells.
Your spell library was empty.

Dungeon Overview and Level Annotations

Branches:
Dungeon (0/15)

Altars:


Message History

A chaos spawn comes into view.
It was a potion of curing.
You feel better.
The chaos spawn gives a loud, deep croak!
A vampire comes into view.
A spatial vortex and a tentacled starspawn come into view.
A spatial vortex comes into view.
The starspawn tentacle moves out of view.
The spatial vortex moves out of view.
A starspawn tentacle comes into view. x2
The starspawn tentacle grabs you. The starspawn tentacle constricts you.
You escape the starspawn tentacle's grasp.
The starspawn tentacle barely misses you.
The chaos spawn splatters into many small globs of multi-coloured light, then recombines.
An ancient zyme comes into view.
You feel yourself growing ill in the presence of the ancient zyme.
A tentacle flies out from the starspawn's body!
A starspawn tentacle comes into view.
You feel ill.
Unknown command.
You feel ill. The vampire barely misses you. x2
The vampire closely misses you. The vampire barely misses you.
The vampire hits you. The vampire bites you.
The vampire draws strength from your injuries!
A large abomination comes into view.
You feel ill.
The vampire points at you and mumbles some strange words.
You are confused.
The vampire mumbles some strange words.
The vampire flickers and vanishes!
Tentacles burst from the starspawn's body! 2 starspawn tentacles come into view.
The chaos spawn buzzes angrily.
You completely miss something.
You hear some strange, mumbled words.
You are more confused.
Unknown command.
You closely miss the large abomination. You miss something.
The large abomination hits you!!
Ouch! That really hurt!
You die...

#...# #.#.. ##
.# ####.#.. .#
.. ....#.X #.#
. #...#. ..
#.. .....#.
... ##X##.###
..
#..@#..x###. #
#..#..#..
..##. #.
#4.####..w #
#.
.ยง.#......wX.
# .......###
.#.
#....##.#.# #.
.. #.#.. .. #.
#. . . #.# .#
.##.##. ..
..##..


You could see a large abomination and a chaos spawn.

Vanquished Creatures (others)
  6 starspawn tentacles (Abyss:1)
6 creatures vanquished.

Notes
Turn   | Place    | Note
-------+----------+-------------------------------------------
     0 | Abyss:1  | glosham the Hill Orc Abyssal Knight began the quest for the Orb.
     0 | Abyss:1  | Reached XP level 1. HP: 19/19 MP: 2/2
    37 | Abyss:1  | Noticed a chaos spawn
    38 | Abyss:1  | Noticed a vampire
    54 | Abyss:1  | Noticed a tentacled starspawn
    54 | Abyss:1  | Noticed a spatial vortex
    54 | Abyss:1  | Noticed a spatial vortex
    75 | Abyss:1  | Noticed an ancient zyme
    89 | Abyss:1  | Noticed a large abomination
    93 | Abyss:1  | Noticed a chaos spawn
    95 | Abyss:1  | Mangled by a large abomination

Vault maps used:
Abyss:1:  evilmike_abyss_exit_16

Action                   || total
-------------------------++-------
Melee: Hand axe          ||     2
  Use: Potion            ||     1
Dodge: Dodged            ||     5

Table legend:
 A = Spawn XP
 B = Non-spawn XP
 C = Spawn XP percentage of total XP
 D = Spawn monster count
 E = Non-spawn monster count
 F = Spawn count percentage of total count
 G = Total turns spent on level
                    A         B        C        D         E        F      G
               +---------+---------+-------+---------+---------+-------+---------
         Total |       0 |       0 |   N/A |       0 |       0 |   N/A |    95
               +---------+---------+-------+---------+---------+-------+---------
               +---------+---------+-------+---------+---------+-------+---------

Table legend:
 A = Turns spent in this place as a percentage of turns spent in the entire game.
 B = Non-inter-level travel turns spent in this place as a percentage of non-inter-level travel turns spent in the entire game.
 C = Inter-level travel turns spent in this place as a percentage of turns spent in this place.
 D = Turns resting spent in this place as a percentage of non-inter-level travel turns spent in this place.
 E = Turns spent auto-exploring this place as a percentage of non-inter-level travel turns spent in this place.
 F = Non-inter-level travel turns spent in this place divided by the number of levels of this place that you've seen.
                   A       B       C       D       E      F
               +-------+-------+-------+-------+-------+----------------------
         Total | 100.0 | 100.0 |   0.0 |   0.0 |   0.0 |  95.0
         Abyss | 100.0 | 100.0 |   0.0 |   0.0 |   0.0 |  95.0
               +-------+-------+-------+-------+-------+----------------------

Vault maps used:
Abyss:1:  evilmike_abyss_exit_16
